Map: At Eternity's Edge LE

Players

throatGOAT

  • Race: Terran Terran
  • League: Grandmaster

A.I. 1 (Very Easy) - Winner!

  • Race: Protoss Protoss

VOD

Have the link to the VOD?

Description

Time

  • Played on: Aug. 1, 2026, 12:12 p.m.
  • Length: 8:10
Show
View Real Time Build Order
Export as new Build Order

throatGOAT Terran 

Build Orders: Reaper Expand 

Get SALT Encoding   

  8  0:00  SCV  
  9  0:12  SCV  
  10  0:24  SCV  
  11  0:30  Supply Depot  
  11  0:36  SCV  
  12  0:48  SCV  
  13  0:54  Barracks  
  13  1:01  SCV  
  14  1:06  Refinery  
  14  1:13  SCV  
  15  1:25  SCV  
  16  1:41  Orbital Command  
  16  1:50  Reaper  
  17  1:56  Command Center  
  17  2:06  SCV  
  18  2:09  Supply Depot  
  18  2:18  SCV  
  19  2:23  Marine  
  20  2:31  SCV  
  20  2:34  Factory  
  21  2:43  SCV  
  22  2:44  Bunker  
  22  2:45  Barracks Reactor  
  22  2:55  SCV  
  22  2:56  Refinery  
  23  3:07  SCV  
  23  3:12  Orbital Command  
  24  3:19  SCV  
  25  3:21  Starport  
  25  3:23  Marine x2  
  27  3:28  Widow Mine  
  27  3:31  SCV  
  30  3:42  SCV  
  30  3:44  SCV  
  30  3:45  Marine x2  
  34  3:50  Widow Mine  
  34  3:53  Supply Depot  
  36  3:56  SCV  
  36  3:57  SCV  
  36  3:59  Medivac  
  40  4:03  Marine x2  
  40  4:08  Barracks  
  42  4:11  Factory Tech Lab  
  42  4:15  SCV x2  
  44  4:17  Supply Depot  
  44  4:22  Marine  
  45  4:27  SCV x2, Supply Depot  
  47  4:33  Siege Tank  
  50  4:39  SCV x2  
  50  4:42  Starport Tech Lab  
  50  4:43  Barracks  
  52  4:47  Marine x2  
  52  4:51  SCV  
  55  4:53  Supply Depot  
  55  4:58  SCV  
  56  5:00  Refinery  
  56  5:01  Marine  
  57  5:08  Siege Tank  
  57  5:13  SCV  
  59  5:14  SCV  
  59  5:16  Raven  
  62  5:22  Marine x2  
  62  5:26  SCV  
  65  5:32  SCV  
  65  5:34  Engineering Bay  
  66  5:37  Supply Depot  
  66  5:38  SCV  
  67  5:44  SCV  
  67  5:46  Marine x2  
  67  5:47  Stimpack  
  67  5:48  Marine  
  71  5:50  Factory Reactor  
  71  5:55  SCV  
  72  5:58  Combat Shield, Marauder  
  72  6:02  Supply Depot, Terran Infantry Weapons Level 1  
  72  6:03  SCV  
  72  6:04  Marine  
  75  6:05  Marine  
  75  6:07  SCV  
  75  6:09  Command Center  
  75  6:10  Starport Reactor  
  78  6:11  Marauder  
  78  6:15  SCV  
  78  6:18  Refinery  
  81  6:19  Marine  
  81  6:25  Supply Depot, Marine x2  
  82  6:30  Widow Mine x2  
  88  6:33  Marauder  
  88  6:34  Supply Depot  
  90  6:42  Barracks  
  90  6:43  Barracks  
  90  6:44  Supply Depot  
  90  6:46  Marine x3  
  93  6:47  Medivac  
  93  6:51  Medivac  
  93  6:54  Marine  
  97  6:56  SCV x2  
  100  7:09  SCV x2  
  100  7:10  Marine x2  
  100  7:11  Marauder, Marine  
  100  7:15  Supply Depot x2  
  107  7:17  Medivac  
  107  7:21  Medivac  
  110  7:26  SCV x2  
  110  7:27  Orbital Command  
  112  7:30  Marauder  
  112  7:33  Marine  
  112  7:34  Marauder  
  112  7:35  Barracks Tech Lab, Barracks Reactor  
  112  7:36  Marine  
  118  7:44  Widow Mine  
  118  7:45  Widow Mine  
  118  7:51  SCV x2  
  132  8:01  Ghost Academy  
Show
View Real Time Build Order
Export as new Build Order

A.I. 1 (Very Easy) Protoss - Winner!

Build Orders:  

Get SALT Encoding   

  8  0:00  Probe  
  9  0:13  Probe  
  10  0:25  Probe  
  11  0:37  Probe  
  12  0:47  Pylon  
  12  0:49  Probe  
  13  1:01  Probe  
  13  1:05  Assimilator  
  14  1:12  Gateway  
  14  1:17  Pylon  
  14  1:44  Assimilator  
  14  1:53  Probe  
  14  1:59  Zealot  
  17  2:01  Cybernetics Core, Probe  
  18  2:10  Probe  
  19  2:19  Probe  
  20  2:28  Warp Gate  
  20  2:31  Probe  
  20  2:35  Pylon  
  21  2:43  Probe  
  22  3:07  Stalker  
  24  5:06  Probe  
  19  5:14  Probe  
  20  5:23  Probe  
  21  5:33  Probe  
  22  5:45  Probe  
  23  5:57  Probe  
  24  6:57  Probe  
  25  7:02  Adept  
  25  7:05  Probe, Robotics Facility  
  25  7:08  Nexus  
  27  7:13  Pylon  
  27  7:14  Probe  
  28  7:22  Probe  
  26  7:30  Probe  
  27  7:41  Probe  
  27  7:52  Observer  
  27  7:53  Probe  
  29  8:02  Stalker  
Tags
 
Add a new tag
Caveats
  • Supply blocks, unpowered buildings, or Contaminate may cause inaccurate times.
  • Supply counts are checked every 10 seconds.